 Dungeon Crawl Stone Soup version 0.20.1-1-g8b1a95d (webtiles) character file.

428 schauveau the Slasher (level 6, -13/53 HPs)
             Began as a Minotaur Berserker on Dec 3, 2017.
             Was a Priest of Trog.
             Mangled by a two-headed ogre
             ... wielding a +0 giant club
              (16 damage)
             ... on level 4 of the Dungeon.
             The game lasted 00:04:37 (2122 turns).

schauveau the Slasher (Minotaur Berserker)          Turns: 2122, Time: 00:04:38

Health: -13/53     AC: 12    Str: 22    XL:     6   Next: 65%
Magic:  5/5        EV:  7    Int:  4    God:    Trog [***...]
Gold:   86         SH:  0    Dex: 11    Spells: 5/5 levels left

rFire    + . .     SeeInvis .   a - +0 falchion
rCold    . . .     Gourm    .   (no shield)
rNeg     . . .     Faith    +   l - +0 plate armour
rPois    .         Spirit   .   (helmet restricted)
rElec    .         Reflect  .   (no cloak)
rCorr    .         Harm     .   (no gloves)
MR       .....                  (no boots)
Stlth    ..........             p - amulet of faith
Regen    0.2/turn               d - ring of protection from fire
MPRegen  0.1/turn               (no ring)

@: no status effects
A: retaliatory headbutt, horns 2
a: Berserk, Trog's Hand, Burn Spellbooks, Renounce Religion


You were on level 4 of the Dungeon.
You worshipped Trog.
Trog was most pleased with you.
You were not hungry.

You visited 1 branch of the dungeon, and saw 4 of its levels.

You collected 86 gold pieces.

Inventory:

Hand Weapons
 a - a +0 falchion (weapon)
Missiles
 g - 3 exploding tomahawks (quivered)
 m - 41 poisoned needles
Armour
 l - a +0 plate armour (worn)
Jewellery
 d - a ring of protection from fire (left hand)
 j - a +6 amulet of reflection
 p - an amulet of faith (around neck)
Scrolls
 h - a scroll of enchant armour {unknown}
 k - 2 scrolls of teleportation {unknown}
 n - 3 scrolls of enchant weapon {unknown}
 o - a scroll of immolation {unknown}
 s - a scroll of fog {unknown}
Potions
 b - a potion of resistance {unknown}
 e - 2 potions of curing {unknown}
 i - a potion of cancellation {unknown}
 r - a potion of lignification {unknown}
Comestibles
 c - 3 bread rations
 f - 2 meat rations
 q - a chunk of flesh


   Skills:
 - Level 4.6 Fighting
 * Level 7.6 Long Blades
 + Level 4.7 Armour
 - Level 2.1 Dodging


You had 5 spell levels left.
You didn't know any spells.

Dungeon Overview and Level Annotations

Branches:
Dungeon (4/15)             Temple (0/1) D:4

Altars:
Hepliaklqana


Innate Abilities, Weirdness & Mutations

You reflexively headbutt those who attack you in melee.
You have a pair of horns on your head.


Message History

A giant cockroach comes into view.
The two-headed ogre barely misses you. You furiously retaliate!
You headbutt the two-headed ogre.
You riposte.
You hit the two-headed ogre.
The two-headed ogre is lightly wounded.
The two-headed ogre hits you with a giant club!!
You see here a scroll labeled XUSMOH YPUXARU.
You hit the two-headed ogre. You headbutt the two-headed ogre!
The two-headed ogre is heavily wounded.
The two-headed ogre hits you with a giant club!!
* * * LOW HITPOINT WARNING * * *
The two-headed ogre hits you with a giant club.
* * * LOW HITPOINT WARNING * * *
You are too injured to fight recklessly!
You barely miss the two-headed ogre. You headbutt the two-headed ogre!
The two-headed ogre is heavily wounded.
You are too injured to fight recklessly!
You hit the two-headed ogre.
The two-headed ogre is severely wounded.
The two-headed ogre hits you with a giant club!
You die...

#......#.#.....
#.....#.#.#..####.....
####.#.#.#.#..........
#..[..#.>.#......>..#
#....#.#.#.#........#
#.....#.#.#.........#
#......#.#..........#
#...................#
#.....[....[#..@....#
#...........#..Os...#
####................#
#...................
#..........####.....
############ .....
.... .... ...


You could see a two-headed ogre and a giant cockroach.

Vanquished Creatures
  Sigmund (D:2)
  An orc priest (D:4)
  Natasha (thrice) (D:2)
  Robin (D:2)
  9 adders
  An ooze (D:2)
  A dart slug (D:2)
  2 leopard geckos
  4 orcs
  6 giant cockroaches
  10 goblins
  8 hobgoblins
  6 jackals
  A quokka (D:4)
  5 bats
  4 frilled lizards
  7 kobolds
  10 rats
80 creatures vanquished.

Notes
Turn   | Place    | Note
-------+----------+-------------------------------------------
     0 | D:1      | schauveau the Minotaur Berserker began the quest for the Orb.
     0 | D:1      | Reached XP level 1. HP: 19/19 MP: 0/0
   155 | D:1      | Reached skill level 4 in Long Blades
   175 | D:1      | Reached XP level 2. HP: 27/27 MP: 1/1
   665 | D:2      | Reached XP level 3. HP: 26/33 MP: 2/2
   736 | D:2      | Noticed Robin
   738 | D:2      | Reached ** piety under Trog
   749 | D:2      | Killed Robin
   749 | D:2      | Reached skill level 5 in Long Blades
   815 | D:2      | Reached XP level 4. HP: 35/41 MP: 3/3
   984 | D:2      | Noticed Natasha
   989 | D:2      | Killed Natasha
  1330 | D:2      | Noticed Sigmund
  1339 | D:2      | Killed Sigmund
  1339 | D:2      | Reached skill level 6 in Long Blades
  1339 | D:2      | Reached XP level 5. HP: 40/47 MP: 4/4
  1339 | D:2      | Reached XP level 6. HP: 46/53 MP: 5/5
  1423 | D:2      | Noticed Natasha
  1432 | D:2      | Killed Natasha
  1432 | D:2      | Reached skill level 7 in Long Blades
  1465 | D:2      | Noticed Natasha
  1467 | D:2      | Killed Natasha
  1565 | D:3      | Reached *** piety under Trog
  2010 | D:3      | Found a hazy altar of Hepliaklqana.
  2082 | D:4      | Found a staircase to the Ecumenical Temple.
  2113 | D:4      | Noticed a two-headed ogre
  2122 | D:4      | Mangled by a two-headed ogre

Skill      XL: |  1  2  3  4  5  6 |
---------------+-------------------+-----
Long Blades    | 4 5 6 7 |  7.6
Fighting       | 4 |  4.6
Armour         | 4 |  4.7
Dodging        | |  2.1

Action                   |  1- 3 |  4- 6 || total
-------------------------+-------+-------++-------
Melee: Falchion          |    72 |   119 ||   191
       Headbutt          |    10 |    21 ||    31
  Eat: Chunk             |       |     4 ||     4
Armor: Scale mail        |    14 |       ||    14
       Plate armour      |    14 |    81 ||    95
Dodge: Dodged            |    37 |    46 ||    83
Block: Other             |    16 |    17 ||    33
       Reflection        |       |     2 ||     2
       Rpst.: Falchion   |    10 |    17 ||    27
